 Dungeon Crawl Stone Soup version 0.28.0-53-g5a82cb258f (webtiles) character file.

Game seed: 11081085085133229844

2919 DocClef the Blocker (level 9, -2/66 HPs)
             Began as a Gnoll Fighter on June 28, 2022.
             Was a Believer of Hepliaklqana.
             Slain by a killer bee (3 damage)
             ... on level 7 of the Dungeon.
             The game lasted 00:07:05 (5843 turns).

DocClef the Blocker (Gnoll Fighter)                 Turns: 5843, Time: 00:07:06

Health: -2/66      AC: 13    Str: 20    XL:     9   Next: 79%
Magic:  15/15      EV:  9    Int:  8    God:    Hepliaklqana [**....]
Gold:   279        SH:  0    Dex: 11    Spells: 17/17 levels left

rFire   . . .      SeeInvis .   E - +0 morningstar
rCold   . . .      Faith    .   c - +0 buckler
rNeg    + . .      Spirit   .   f - +0 chain mail
rPois   .          Reflect  .   v - +0 helmet
rElec   .          Harm     .   (no cloak)
rCorr   +          Rampage  .   A - +0 pair of gloves {hurl}
Will    .....                   (no boots)
Stlth   ..........              g - amulet of regeneration
HPRegen 1.01/turn               u - ring of positive energy
MPRegen 0.14/turn               x - ring of resist corrosion

@: confused, lethally poisoned (-2 -> -13), ambrosia-drunk
A: reduced essence, fangs 1, strong nose, distributed training
a: Renounce Religion, Recall Ancestor, Ancestor Identity


You were on level 7 of the Dungeon.
You worshipped Hepliaklqana.
Hepliaklqana was pleased with you.
You visited 2 branches of the dungeon, and saw 8 of its levels.

You collected 279 gold pieces.

Inventory:

Hand Weapons
 a - a +0 flail
 E - a +0 morningstar (weapon)
Armour
 b - a +0 scale mail
 c - a +0 buckler (worn)
 f - a +0 chain mail (worn)
 v - a +0 helmet (worn)
 A - a +0 pair of gloves of hurling (worn)
Jewellery
 g - an amulet of regeneration (around neck)
 u - a ring of positive energy (left hand)
 x - a ring of resist corrosion (right hand)
Wands
 p - a wand of paralysis (7)
 C - a wand of iceblast (6)
Scrolls
 i - a scroll of amnesia
 k - 2 scrolls of torment {unknown}
 l - 4 scrolls of identify {unknown}
 m - 2 scrolls of noise {unknown}
 n - 2 scrolls of blinking {unknown}
 o - 3 scrolls of teleportation {unknown}
 q - a scroll of fog {unknown}
 y - a scroll of fear {unknown}
 z - 2 scrolls of summoning {unknown}
 B - a scroll of magic mapping {unknown}
Potions
 e - 2 potions of curing {unknown}
 h - a potion of mutation {unknown}
 j - a potion of resistance {unknown}
 r - 3 potions of heal wounds {unknown}
 s - 2 potions of brilliance {unknown}
 t - 2 potions of degeneration {unknown}
 w - a potion of lignification {unknown}
 D - a potion of flight {unknown}


   Skills:
 + Level 8.1 Fighting
 + Level 4.5 Short Blades
 + Level 4.5 Long Blades
 + Level 4.5 Axes
 + Level 6.5 Maces & Flails
 + Level 4.5 Polearms
 + Level 4.5 Staves
 + Level 4.5 Slings
 + Level 4.5 Bows
 + Level 4.5 Crossbows
 + Level 4.5 Throwing
 + Level 8.1 Armour
 + Level 4.5 Dodging
 + Level 4.5 Stealth
 + Level 8.1 Shields
 + Level 4.5 Unarmed Combat
 + Level 4.5 Spellcasting
 + Level 3.8 Conjurations
 + Level 3.8 Hexes
 + Level 3.8 Summonings
 + Level 3.8 Necromancy
 + Level 3.8 Translocations
 + Level 3.8 Transmutations
 + Level 3.8 Fire Magic
 + Level 3.8 Ice Magic
 + Level 3.8 Air Magic
 + Level 3.8 Earth Magic
 + Level 3.8 Poison Magic
 + Level 5.0 Invocations
 + Level 4.5 Evocations


You had 17 spell levels left.
You didn't know any spells.
Your spell library contained the following spells:

 Spells                   Type           Power      Damage    Failure   Level
 Conjure Flame            Conj/Fire      7%         6-21      86%         3
 Ignite Poison            Fire/Tmut/Pois 7%         N/A       86%         3
 Animate Dead             Necr           3%         N/A       99%         4
 Sticky Flame             Conj/Fire      7%         2d3       99%         4
 Borgnjor's Vile Clutch   Necr/Erth      3%         N/A       100%        5
 Death Channel            Necr           3%         N/A       100%        6


Dungeon Overview and Level Annotations

Branches:
Dungeon (7/15)             Temple (1/1) D:4

Altars:
Ashenzari
Cheibriados
Dithmenos
Elyvilon
Fedhas
Gozag
Hepliaklqana
Kikubaaqudgha
Makhleb
Nemelex Xobeh
Okawaru
Qazlal
Ru
Sif Muna
Trog
Uskayaw
Vehumet
Wu Jian
Xom
Yredelemnul
Zin

Annotations:
D:7 Menkaure


Innate Abilities, Weirdness & Mutations

Your life essence is reduced to manifest your ancestor. (-10% HP)
You have very sharp teeth.
Your uncanny sense of smell can sniff out nearby items.
Your experience applies equally to all skills.


Message History

* * * LOW HITPOINT WARNING * * *
Sunngifu completely misses Menkaure.
It was a potion of ambrosia.
You are confused.
You feel invigorated.
The killer bee stings you but does no damage.
The killer bee barely misses you. The killer bee stings you.
* * * LOW HITPOINT WARNING * * *
The ice beast hits you but does no damage.
The killer bee stings you but does no damage.
The killer bee barely misses you. The killer bee closely misses you.
Unknown command.
You puncture the ice beast!
You kill the ice beast!
The killer bee stings you.
* * * LOW HITPOINT WARNING * * *
You are poisoned.
The killer bee poisons you!
The killer bee stings you but does no damage. x2
The killer bee stings you.
* * * LOW HITPOINT WARNING * * *
The killer bee stings you.
* * * LOW HITPOINT WARNING * * *
You are more poisoned.
The killer bee poisons you! The killer bee barely misses you. x2
The killer bee stings you.
* * * LOW HITPOINT WARNING * * *
You are lethally poisoned!
The killer bee poisons you!
Menkaure whispers, "It doesn't hurt if you pull your brain out of your nose yourself."
The killer bee stings you but does no damage. x2
* * * LOW HITPOINT WARNING * * *
You feel very sick. The killer bee stings you.
* * * LOW HITPOINT WARNING * * *
The killer bee stings you!
* * * LOW HITPOINT WARNING * * *
The killer bee stings you but does no damage.
The killer bee stings you.
You die...

#.......# #.#........# ...
#.#.##..###.#...#....# ..
#'####......#...###### .
.###≈######.#...# ##≈≈≈≈≈##
#.#)).## ..
#≈≈≈≈≈≈≈###.#....# ....
≈≈≈....≈≈####....#######....
≈≈≈####.≈# #....y..........
.8##..##≈≈# #...@y........
..)..._#≈≈######yy........##
.8##..##≈≈#......MR..#.##..#
≈≈≈####.≈##.................
≈≈≈....≈≈#..................
#≈≈≈≈≈≈≈##...#####..........
##≈≈≈≈≈# ... #....).....
##≈###∆ .. #........... ##
#...........


You could see the friendly Sunngifu the knight, Menkaure (fast, ally target) and
4 killer bees.

Vanquished Creatures
  A water moccasin (D:6)
  2 orc warriors (D:7)
  An ice beast (D:7)
  2 black bears
  A necrophage (D:4)
  2 ogres
  A centaur (D:5)
  A bullfrog (D:4)
  A gnoll sergeant (D:5)
  3 scorpions
  A water moccasin zombie (D:6)
  2 water moccasin skeletons
  6 wights
  A bullfrog skeleton (D:7)
  2 orc priests
  4 hounds
  A centaur skeleton (D:7)
  5 orc wizards
  A hound zombie (D:5)
  Robin (D:4)
  6 adders
  6 gnolls
  2 worms
  2 dart slugs
  12 orcs
  5 bats
  5 endoplasms
  A giant cockroach (D:2)
  11 goblins
  6 hobgoblins
  4 jackals
  9 kobolds
  3 quokkas
  6 ball pythons
  8 frilled lizards
  A quokka skeleton (D:4)
  6 rats
132 creatures vanquished.

Vanquished Creatures (collateral kills)
  A black bear (D:6)
  A hornet zombie (D:7)
  An orc warrior (D:7)
  An ogre (D:7)
  A centaur (D:6)
  A scorpion (D:6)
  4 wights
  An electric eel (D:7)
  A hound (D:6)
  A gnoll shaman (D:5)
  An orc priest (D:6)
  An iguana (D:5)
  2 gnolls
  3 orcs
20 creatures vanquished.

Vanquished Creatures (others)
  2 ancestors
2 creatures vanquished.

Grand Total: 154 creatures vanquished

Notes
Turn   | Place    | Note
-------+----------+-------------------------------------------
     0 | D:1      | DocClef the Gnoll Fighter began the quest for the Orb.
     0 | D:1      | Reached XP level 1. HP: 23/23 MP: 1/1
   170 | D:1      | Reached XP level 2. HP: 14/29 MP: 2/2
   458 | D:1      | Reached XP level 3. HP: 34/35 MP: 3/3
   614 | D:1      | Reached skill level 1 in Invocations
   904 | D:2      | Noticed a shining eye
   906 | D:2      | Found a faded altar of an unknown god.
   907 | D:2      | Noticed a great orb of eyes
   907 | D:2      | Noticed a golden eye
   907 | D:2      | Noticed a golden eye
  1018 | D:2      | Reached skill level 1 in Short Blades
  1018 | D:2      | Reached skill level 1 in Long Blades
  1018 | D:2      | Reached skill level 1 in Axes
  1018 | D:2      | Reached skill level 1 in Polearms
  1018 | D:2      | Reached skill level 1 in Staves
  1018 | D:2      | Reached skill level 1 in Slings
  1018 | D:2      | Reached skill level 1 in Bows
  1018 | D:2      | Reached skill level 1 in Crossbows
  1018 | D:2      | Reached skill level 1 in Throwing
  1018 | D:2      | Reached skill level 1 in Dodging
  1018 | D:2      | Reached skill level 1 in Stealth
  1018 | D:2      | Reached skill level 1 in Unarmed Combat
  1018 | D:2      | Reached skill level 1 in Spellcasting
  1018 | D:2      | Reached skill level 1 in Evocations
  1365 | D:3      | Reached XP level 4. HP: 38/41 MP: 5/5
  1444 | D:3      | Noticed a black bear
  1470 | D:3      | Killed a black bear
  1471 | D:3      | Reached skill level 1 in Conjurations
  1471 | D:3      | Reached skill level 1 in Hexes
  1471 | D:3      | Reached skill level 1 in Summonings
  1471 | D:3      | Reached skill level 1 in Necromancy
  1471 | D:3      | Reached skill level 1 in Translocations
  1471 | D:3      | Reached skill level 1 in Transmutations
  1471 | D:3      | Reached skill level 1 in Fire Magic
  1471 | D:3      | Reached skill level 1 in Ice Magic
  1471 | D:3      | Reached skill level 1 in Air Magic
  1471 | D:3      | Reached skill level 1 in Earth Magic
  1471 | D:3      | Reached skill level 1 in Poison Magic
  1471 | D:3      | Reached XP level 5. HP: 41/47 MP: 5/7
  1518 | D:3      | Reached XP level 6. HP: 53/53 MP: 8/8
  1967 | D:4      | Found a burning altar of Makhleb.
  1968 | D:4      | Found an ornate altar of the Wu Jian Council.
  2003 | D:4      | Reached skill level 5 in Maces & Flails
  2026 | D:4      | Noticed a black bear
  2037 | D:4      | Killed a black bear
  2202 | D:4      | Reached XP level 7. HP: 31/60 MP: 10/10
  2405 | D:4      | Found a staircase to the Ecumenical Temple.
  2466 | Temple   | Entered the Ecumenical Temple
  2520 | Temple   | Became a worshipper of Hepliaklqana the Forgotten
  2880 | D:4      | Noticed Robin
  2889 | D:4      | Killed Robin
  3031 | D:4      | Found a large runed translucent door.
  3032 | D:4      | Found a large runed translucent door.
  3034 | D:4      | Found a shimmering altar of Xom.
  3396 | D:5      | Entered Level 5 of the Dungeon
  3459 | D:5      | Found a broken altar of Ashenzari.
  3463 | D:5      | You fall into a shaft and drop 1 floor!
  3463 | D:6      | Found a white marble altar of Elyvilon.
  3545 | D:6      | Reached * piety under Hepliaklqana
  3562 | D:6      | Reached XP level 8. HP: 21/60 MP: 12/12
  3646 | D:6      | Found a bloodstained altar of Trog.
  4720 | D:6      | HP: 1/60 [ogre/+0 giant club (16)]
  4829 | D:5      | Reached ** piety under Hepliaklqana
  4830 | D:5      | Remembered your ancestor Sunngifu as a knight
  5099 | D:6      | Reached XP level 9. HP: 47/64 MP: 14/14
  5453 | D:7      | Found a sacrificial altar of Ru.
  5692 | D:7      | Found a shimmering blue altar of Sif Muna.
  5800 | D:7      | Reached skill level 5 in Invocations
  5829 | D:7      | Noticed Menkaure
  5843 | D:7      | HP: 1/66 [killer bee (7)]
  5843 | D:7      | Slain by a killer bee

Illustrated notes

Levels and vault maps discovered:
D:1:      dpeg_arrival_circle_labyrinth_c, layout_rooms
D:2:      layout_loops_ring, hellmonk_ecumenical_altar_watching_god,
          wander_ebering_terrifying_dragon_lair
D:3:      layout_basic
D:4:      due_chaos_kobolds, layout_basic, mainiacjoe_overflow_divided_tiny,
          minmay_temple_entry_ruins, uniq_robin
D:5:      layout_rooms, mainiacjoe_overflow_24_doors, minmay_misc_feat_iff
D:6:      layout_basic, bloody_trog, amcnicky_altar_gilded
D:7:      layout_basic, kennysheep_orc_sif_temple, nicolae_ru_awakened_eye,
          wad_floor_pattern_2, minivault_4, uniq_menkaure, uniq_duvessa
Temple:   cyrus_circular_temple

Skill      XL: |  1  2  3  4  5  6  7  8  9 |
---------------+----------------------------+-----
Invocations    | 1 2 3 4 5 |  5.0
Short Blades   | 1 2 3 4 |  4.5
Long Blades    | 1 2 3 4 |  4.5
Axes           | 1 2 3 4 |  4.5
Polearms       | 1 2 3 4 |  4.5
Staves         | 1 2 3 4 |  4.5
Slings         | 1 2 3 4 |  4.5
Bows           | 1 2 3 4 |  4.5
Crossbows      | 1 2 3 4 |  4.5
Throwing       | 1 2 3 4 |  4.5
Dodging        | 1 2 3 4 |  4.5
Stealth        | 1 2 3 4 |  4.5
Unarmed Combat | 1 2 3 4 |  4.5
Spellcasting   | 1 2 3 4 |  4.5
Evocations     | 1 2 3 4 |  4.5
Conjurations   | 1 2 3 |  3.8
Hexes          | 1 2 3 |  3.8
Summonings     | 1 2 3 |  3.8
Necromancy     | 1 2 3 |  3.8
Translocations | 1 2 3 |  3.8
Transmutations | 1 2 3 |  3.8
Fire Magic     | 1 2 3 |  3.8
Ice Magic      | 1 2 3 |  3.8
Air Magic      | 1 2 3 |  3.8
Earth Magic    | 1 2 3 |  3.8
Poison Magic   | 1 2 3 |  3.8
Maces & Flails | 5 6 |  6.5
Fighting       | 7 8 |  8.1
Armour         | 7 8 |  8.1
Shields        | 7 8 |  8.1

Action                   |  1- 3 |  4- 6 |  7- 9 || total
-------------------------+-------+-------+-------++-------
Melee: Flail             |   121 |   106 |   282 ||   509
       Bite              |     8 |     9 |    37 ||    54
       Morningstar       |       |       |    50 ||    50
Invok: Recall Ancestor   |       |       |     1 ||     1
       Ancestor Life: Kn |       |       |     1 ||     1
  Use: Potion            |       |     1 |     1 ||     2
       Scroll            |       |       |     1 ||     1
 Stab: Distracted        |       |       |     1 ||     1
Armor: Scale mail        |    30 |       |       ||    30
       Chain mail        |    45 |    77 |   233 ||   355
Dodge: Dodged            |    62 |    36 |   154 ||   252
Block: Buckler           |    32 |    35 |   120 ||   187
